[Event "3rd Caraca Open 2022"]
[Site "Catas Altas"]
[Date "2022.07.09"]
[Round "2.1"]
[White "Mareco, Sandro"]
[Black "Goncalves, Andre Luiz Sampaio"]
[Result "1-0"]
[ECO "A35"]
[WhiteElo "2657"]
[BlackElo "1929"]
[Annotator "TA"]
[PlyCount "43"]
[EventDate "2022.06.28"]
[EventCountry "BRA"]
[SourceTitle "playchess.com"]
[Source "ChessBase"]
[SourceQuality "1"]
[TimeControl "900+5"]

1. Nf3 e6 2. c4 c5 3. Nc3 Nc6 4. g3 Nge7 5. Bg2 g6 6. d4 {[%emt 0:01:05] A35: Symmetrical English: 2 Nc3 Nc6 3 Nf3.} cxd4 7. Nxd4 Bg7 8. Ndb5 {[%emt 0:00:02] Threatens to win with Bf4. White is more active. White is slightly better.} O-O 9. Nd6 {[%emt 0:00:02] [#]} Nf5 $146 ({Predecessor:} 9... Qa5 10. O-O a6 11. Be3 b5 12. cxb5 axb5 13. Ndxb5 d5 14. Bd2 Ba6 15. a4 Qb6 {1-0 (26) Maevsky,N (2305)-Gorovykh,E (2438) St Petersburg 2011}) 10. Nxf5 exf5 11. O-O ({White should try} 11. Bd2 $16) 11... Bxc3 $14 12. bxc3 Qa5 (12... b6 $11 {keeps the balance.}) 13. Bh6 $16 {[%emt 0:00:13] [#] Hoping for Bxc6.} Re8 14. Qd2 Qe5 15. e4 {[%emt 0:00:32] Black must now prevent exf5.} fxe4 (15... d6 $16) 16. Bxe4 {[%emt 0:00:17] This bishop pair is nice.} Ne7 $2 {[%emt 0:03:25] [#] Loses the game.} (16... Qxe4 $2 17. Rae1 Qe5 18. Rxe5 Nxe5 19. f4 $18) (16... d5 $16 17. cxd5 (17. Bxd5 Be6 $16) 17... Qd6) 17. Rfe1 $18 Qa5 18. Qd4 {[%emt 0:00:17][%csl Gh6][%cal Rd4g7] White mates.} Nf5 19. Bxf5 Re5 20. Rxe5 f6 21. Re8+ Kf7 22. Rf8+ {[%emt 0:13:26] Weighted Error Value: White=0.08 (flawless) /Black=0.91} 1-0

[Event "3rd Caraca Open 2022"]
[Site "Catas Altas"]
[Date "2022.07.09"]
[Round "2.2"]
[White "Casalaspro, Mathias Andre"]
[Black "Supi, Luis Paulo"]
[Result "0-1"]
[ECO "B53"]
[WhiteElo "1749"]
[BlackElo "2603"]
[Annotator "TA"]
[PlyCount "80"]
[EventDate "2022.06.28"]
[EventCountry "BRA"]
[SourceTitle "playchess.com"]
[Source "ChessBase"]
[SourceQuality "1"]
[TimeControl "900+5"]

1. e4 c5 2. Nf3 d6 3. d4 cxd4 4. Qxd4 a6 5. c4 Nf6 6. Nc3 e6 7. Bg5 {[%emt 0:00:30][%cal Bc1g5,Bg5h4,Bh4g3][%mdl 32] B53: Sicilian: 2...d6: Lines with Qxd4.} Nbd7 8. Rd1 Qc7 9. Be2 {[%emt 0:00:25] [#] White has an edge.} b6 $146 ({Predecessor:} 9... Be7 10. O-O O-O 11. Rfe1 Rd8 12. h3 b6 13. Qe3 Bb7 14. Bh4 h6 15. Bg3 Ne5 {0-1 (58) Dekic,B (2064)-Domarkaite,L (2161) Baku 2016}) 10. Bh4 Ne5 11. Bg3 Nfd7 12. O-O Be7 13. Ne1 O-O 14. f4 {[%emt 0:00:11] [#]} ({White should try} 14. b3 $14) 14... Nc6 (14... d5 $1 $15 15. Kh1 (15. fxe5 Bc5 $17) (15. Bf2 Nc6) 15... Nc6) 15. Qd2 $14 Rd8 16. f5 Nde5 17. b3 Bf6 18. Nd3 Nxd3 19. Bxd3 Qe7 (19... Ne5 $11) 20. Na4 (20. fxe6 $14 fxe6 21. e5 Nxe5 22. Ne4) 20... Rb8 $11 21. Bf2 Qc7 22. Be2 b5 23. cxb5 axb5 24. Nc3 Qa5 25. Nb1 b4 ({Reject} 25... exf5 $6 26. Qxa5 Nxa5 27. exf5 $11) 26. Rc1 Ne5 27. Bd4 {[%emt 0:00:28] [#]} exf5 $1 28. exf5 Bb7 29. Qe3 $2 {[%emt 0:00:20][%mdl 8192] White does not recover from this.} (29. Be3 $17) 29... Re8 (29... Qd5 $142 30. Rf2 {[#]} Ng4 $1 31. Bxg4 Bxd4) 30. Qd2 $19 Ra8 31. Bf2 Qxa2 32. Bb5 {[%emt 0:00:08] Qxa2 is the strong threat.} Reb8 ({Not} 32... Qxb3 $2 33. Bxe8 Rxe8 34. Rc7 $19) 33. Qxa2 (33. Ba4 {might work better.} Qxd2 34. Nxd2) 33... Rxa2 {[%emt 0:00:02] Black is clearly winning.} 34. Rfd1 Bg5 35. Rc7 Ng4 36. Re1 {[%emt 0:00:41][%cal Oc7b7] Inhibits Be3. Black must now prevent Rxb7!} h5 ({Weaker is} 36... Rxf2 37. Rxb7 Rc8 38. h3 $11) 37. Be2 Nxf2 38. Kxf2 Be4 {[%emt 0:00:50] aiming for ...Re8. This bishop pair is nice.} 39. g3 Rb2 40. Rc4 Bxb1 {[%emt 0:00:13] Weighted Error Value: White=0.63/Black=0.27 (precise)} 0-1

[Event "3rd Caraca Open 2022"]
[Site "Catas Altas"]
[Date "2022.07.09"]
[Round "2.3"]
[White "Diamant, Andre"]
[Black "Da Circuncisao, Neivaldo Jacob"]
[Result "1-0"]
[ECO "C06"]
[WhiteElo "2538"]
[BlackElo "1602"]
[Annotator "RC"]
[PlyCount "91"]
[EventDate "2022.06.28"]
[EventCountry "BRA"]
[SourceTitle "playchess.com"]
[Source "ChessBase"]
[SourceQuality "1"]
[TimeControl "900+5"]

1. e4 e6 2. d4 d5 3. Nd2 Nf6 4. e5 Nfd7 5. Ngf3 c5 6. c3 Nc6 7. Bd3 cxd4 8. cxd4 Be7 9. O-O O-O 10. Re1 f5 11. exf6 Nxf6 12. Nb3 Qd6 13. Ne5 Bd7 14. Bg5 Rae8 15. Bh4 Bd8 16. Bg3 Qe7 17. Nxc6 bxc6 18. Nc5 Bb6 19. Rc1 Qd8 20. Be5 Bc7 21. Qc2 h6 22. Nxd7 Qxd7 23. Qxc6 Bxe5 24. dxe5 Qxc6 25. Rxc6 Nh7 26. Rc7 Ra8 27. Rec1 Ng5 28. R1c6 Rab8 29. b3 Rb6 30. Rxb6 axb6 31. Rc6 Ne4 32. Bxe4 dxe4 33. Rxe6 Rc8 34. h4 Rc1+ 35. Kh2 Rc2 36. Kg3 Rxa2 37. Rxb6 Rb2 38. e6 Kf8 39. Rb7 g5 40. hxg5 hxg5 41. b4 Re2 42. b5 e3 43. b6 exf2 44. Rf7+ Ke8 45. Rxf2 Rxe6 46. Rb2 1-0

[Event "3rd Caraca Open 2022"]
[Site "Catas Altas"]
[Date "2022.07.09"]
[Round "2.4"]
[White "Silva, Lucas Teixeira"]
[Black "Languidey, Simon Alejandro"]
[Result "0-1"]
[ECO "A29"]
[WhiteElo "1571"]
[BlackElo "2424"]
[Annotator "RC"]
[PlyCount "66"]
[EventDate "2022.06.28"]
[EventCountry "BRA"]
[SourceTitle "playchess.com"]
[Source "ChessBase"]
[SourceQuality "1"]
[TimeControl "900+5"]

1. c4 e5 2. Nc3 Nf6 3. d3 d5 4. cxd5 Nxd5 5. g3 Nc6 6. Bg2 Nb6 7. Nf3 Be7 8. Be3 O-O 9. O-O Re8 10. a3 Bf8 11. Qc2 Bg4 12. Rac1 Qd7 13. Rfd1 Rad8 14. Ne4 Nd5 15. Bc5 Bd6 16. b4 a6 17. Ne1 Be6 18. Nf3 h6 19. Nfd2 f5 20. Nc3 Bxc5 21. Nxd5 Bxf2+ 22. Kxf2 Bxd5 23. Nf3 Qf7 24. Rf1 e4 25. Ne1 Nd4 26. Qxc7 e3+ 27. Kg1 Nxe2+ 28. Kh1 Bxg2+ 29. Kxg2 Nxc1 30. Qxc1 Qd5+ 31. Rf3 Rc8 32. Qd1 Qa2+ 33. Kg1 Qd2 0-1

[Event "3rd Caraca Open 2022"]
[Site "Catas Altas"]
[Date "2022.07.09"]
[Round "3.1"]
[White "Campos, Igor Ribeiro"]
[Black "Mareco, Sandro"]
[Result "0-1"]
[ECO "B12"]
[WhiteElo "2197"]
[BlackElo "2657"]
[Annotator "TA"]
[PlyCount "78"]
[EventDate "2022.06.28"]
[EventCountry "BRA"]
[SourceTitle "playchess.com"]
[Source "ChessBase"]
[SourceQuality "1"]
[TimeControl "900+5"]

1. e4 c6 2. d4 d5 3. e5 Bf5 4. Ne2 e6 5. Ng3 Bg6 6. h4 h5 7. Bd3 Bxd3 {[%emt 0:00:13] B12: Caro-Kann: Advance Variation.} 8. cxd3 g6 9. Nd2 {[%emt 0:00:05] [#]} Be7 $146 {[%emt 0:00:34] The position is equal.} ({Predecessor:} 9... Ne7 10. Nf3 Qb6 11. O-O Na6 12. Rb1 Nc7 13. Bg5 Nf5 14. Nxf5 exf5 15. b4 a6 {0-1 (40) Pinheiro,I (2320)-Molina,R (2434) Chess.com INT 2021}) 10. Nf3 Nh6 11. Be3 Ng4 12. Bg5 Qa5+ 13. Kf1 Nd7 14. a3 Qb6 15. b4 {[%emt 0:00:50] Inhibits c5.} Bxg5 (15... a5 {is more complex.} 16. Ke2 Bxg5 17. hxg5 axb4 18. axb4 Ke7) 16. hxg5 a5 17. Ne2 (17. Qb1 $15) 17... axb4 18. axb4 O-O {[%emt 0:00:03] And now ...Rxa1 would win.} 19. g3 Rxa1 {[%emt 0:00:16] Black is more active.} 20. Qxa1 Qxb4 {[%emt 0:00:03] Threatens to win with ...Qb3.} 21. Kg2 Qb3 ({Black should try} 21... b6 $17) 22. Rb1 $1 $11 Qxd3 23. Nf4 Qa6 24. Qxa6 bxa6 25. Rb7 Rd8 26. Nd3 {[%emt 0:00:15] Inhibits c5.} Kf8 27. Rc7 Ke8 28. Rxc6 Ra8 (28... a5 $5 ) 29. Nb2 (29. Nfe1 $14) 29... a5 $15 30. Na4 {[%emt 0:00:04] [#]} (30. Rc3 $17) 30... Kd8 (30... Rb8 $1 $19 {...Rb4 is the strong threat.} 31. Rc2 Rb4) 31. Ne1 $1 $11 Rb8 32. Rc3 $2 {[%emt 0:00:35][%mdl 8192] Loses the game.} (32. Nc2 $1 $11 {and White stays safe.}) 32... Rb4 $1 $19 33. Nc5 (33. Ra3 {was necessary.} Rxd4 34. f4) 33... Nxc5 {[%emt 0:00:06] Black is clearly winning.} 34. Rxc5 Rxd4 {[%emt 0:00:01] KRN-KRN} 35. Nf3 Ra4 36. Rc2 Rc4 37. Ra2 a4 38. Re2 Re4 39. Ra2 Nxe5 {[%emt 0:00:13] Weighted Error Value: White=0.40/Black=0.19 (very precise)} 0-1

[Event "3rd Caraca Open 2022"]
[Site "Catas Altas"]
[Date "2022.07.09"]
[Round "3.2"]
[White "Supi, Luis Paulo"]
[Black "Crespo De Oliveira, Lucas"]
[Result "1-0"]
[ECO "B60"]
[WhiteElo "2603"]
[BlackElo "2197"]
[Annotator "TA"]
[PlyCount "107"]
[EventDate "2022.06.28"]
[EventCountry "BRA"]
[SourceTitle "playchess.com"]
[Source "ChessBase"]
[SourceQuality "1"]
[TimeControl "900+5"]

1. e4 c5 2. Nf3 d6 3. d4 cxd4 4. Nxd4 Nf6 5. Nc3 Nc6 6. Bg5 Qb6 7. Nb3 e6 8. Bd3 Be7 9. O-O O-O 10. Kh1 a6 11. f4 {[%emt 0:00:05] B60: Sicilian: Richter-Rauzer: Unusual Black 6th moves and 6...Bd7 without 7 Qd2.} h6 12. Bh4 {[%emt 0:00:44] [#]} Nxe4 $1 13. Nxe4 {[%emt 0:01:01][%cal Oe4f6] And now Nf6+! would win. The position is equal.} (13. Bxe7 Nxc3) 13... Bxh4 14. Nxd6 Be7 15. Nxc8 Raxc8 16. c3 {[%emt 0:00:02] [#]} Rcd8 $146 ({Predecessor:} 16... Bf6 17. Qe2 g6 18. Rad1 Rcd8 19. Be4 Bg7 {½-½ (19) Heberla,B (2420)-Gajewski,G (2462) Chalkidiki 2003}) 17. Qe2 Bf6 18. Rad1 Ne7 19. g3 a5 20. Nc1 Rd6 21. Be4 Rfd8 22. Rxd6 Rxd6 23. a4 Qd8 {[%emt 0:00:33] White should prevent ...Rd2.} 24. Nb3 {[%emt 0:00:36] Prevents Rd2.} b6 25. Rf2 g6 26. Nd2 Nf5 27. Bc2 Qa8+ 28. Kg1 Rd8 29. Be4 Qa7 30. Kg2 Be7 31. Rf3 Qd7 32. Nc4 Qxa4 33. Nxb6 Qa2 {[%emt 0:00:25] next ...Rb8 is good for Black.} 34. Bd3 Bc5 35. Nc4 ({Much weaker is} 35. Bxf5 exf5 36. Nc4 (36. Nd7 Rxd7 37. Qe8+ Kg7 $17) 36... a4 $17) 35... a4 (35... Nd6 $5 ) 36. Kh3 h5 37. Ne5 (37. Rf1 $11) 37... Rb8 (37... a3 $1 $15 38. Nc4 axb2 39. Nxb2 Ne3 $1) 38. Nc4 $1 $11 Rd8 39. Ne5 (39. Rf1 $11) 39... Rb8 (39... a3 $1 $15 {should be considered.} 40. Nc4 axb2 41. Nxb2 Ne3 $1) 40. Nc4 $1 Rd8 41. Rf1 Qb3 42. Ne5 Rb8 $2 (42... Kg7 $11) 43. Rb1 $2 ({Only move:} 43. Nd7 $18) 43... Qd5 (43... Bd6 $11) 44. Bc4 $1 $18 Qd6 {[%emt 0:00:04] [#]} (44... Qb7 $142) 45. Qf3 $2 (45. Rd1 $1 $18 Qb6 46. Nd7) 45... Ne3 $15 46. Ba2 $2 (46. b4 $1 $11 {and White stays safe.} Bb6 47. Ra1) 46... Kg7 $19 47. Qe2 (47. Nc4 $142 Qd3 48. Nxe3 Bxe3 49. Qd1 Qf5+ 50. Kg2) 47... Rb6 $2 (47... g5 $19 {[%cal Od6d2] ( -> ...Qd2!)} 48. Qxh5 g4+ 49. Nxg4 Rh8 50. Qxh8+ Kxh8 51. Nxe3 Bxe3) 48. Rc1 $2 (48. Re1 $17) 48... Qb8 49. Nd3 (49. Rb1) 49... Qc7 {[%emt 0:00:06][%cal Oe6e5] aiming for ...e5!} 50. Re1 $2 {[%emt 0:00:01] [#]} (50. Ne5) 50... Nd5 $2 (50... e5 $1 $19 51. Nxc5 exf4) 51. Bxd5 $14 exd5 52. Qe5+ Qxe5 53. Rxe5 Be7 54. Rxe7 {[%emt 0:00:02] Weighted Error Value: White=0.58/Black=0.81} 1-0

[Event "3rd Caraca Open 2022"]
[Site "Catas Altas"]
[Date "2022.07.09"]
[Round "3.3"]
[White "Monteiro, Daniel Zotelli"]
[Black "Diamant, Andre"]
[Result "0-1"]
[ECO "B33"]
[WhiteElo "1642"]
[BlackElo "2538"]
[Annotator "TA"]
[PlyCount "68"]
[EventDate "2022.06.28"]
[EventCountry "BRA"]
[SourceTitle "playchess.com"]
[Source "ChessBase"]
[SourceQuality "1"]
[TimeControl "900+5"]

1. e4 c5 2. Nf3 Nc6 3. d4 cxd4 4. Nxd4 Nf6 5. Nc3 e5 6. Ndb5 d6 7. Bg5 a6 8. Bxf6 gxf6 9. Na3 b5 10. Nd5 Bg7 11. c3 O-O {[%emt 0:01:12] B33: Sicilian: Pelikan and Sveshnikov Variations.} 12. g4 {[%emt 0:00:40] Inhibits f5.} Ne7 13. Nc2 (13. Nxe7+ $14 Qxe7 14. Nc2) 13... Nxd5 $15 {[%emt 0:00:04] Black is slightly better.} 14. Qxd5 Be6 (14... Bxg4 $15 {was preferrable.} 15. Rg1 Be6) 15. Qd2 {[%emt 0:00:20] [#]} d5 $146 ({Predecessor:} 15... Qb6 16. O-O-O Bxa2 17. Rg1 Be6 18. Bh3 Kh8 19. f4 Rad8 20. f5 Bb3 21. Bg2 b4 22. Nxb4 Bxd1 23. Rxd1 {0-1 (52) Nezbailo,D (2039)-Edvardsen,I (1938) St Petersburg 2006}) 16. f3 (16. exd5 $11 {remains equal.} Qxd5 17. Qxd5 Bxd5 18. Rg1) 16... dxe4 $17 17. Qxd8 Rfxd8 18. fxe4 Bh6 {[%emt 0:02:04] Black is more active.} 19. Rd1 {[%emt 0:01:41][%mdl 8192] Prevents Rd2. Loses the game.} (19. Rg1 $17 {is more resistant.}) 19... Rxd1+ $19 {[%emt 0:00:36] Black is clearly winning.} 20. Kxd1 Rd8+ 21. Ke1 Rd2 22. Nb4 Rxb2 23. Nxa6 Bd2+ 24. Ke2 Bxg4+ 25. Kd3 Be6 {[%emt 0:01:41][%csl Gb5][%cal Re6c4] [#]} 26. Ke2 Bxc3+ {[%emt 0:00:06] A strong pair of Bishops.} 27. Kf3 f5 {[%emt 0:01:30] Threatens to win with ...fxe4+.} 28. Nc5 Bxa2 29. Rg1+ Kf8 {[%emt 0:00:11] [#] Hoping for ...Bd4.} 30. Rg2 fxe4+ 31. Nxe4 Rxg2 32. Bxg2 Bd4 33. Ke2 Bd5 {[%emt 0:00:18] And now ...f5 would win.} 34. Kd3 f5 {[%emt 0:00:10] Weighted Error Value: White=0.99/Black=0.04 (flawless)} 0-1

[Event "3rd Caraca Open 2022"]
[Site "Catas Altas"]
[Date "2022.07.09"]
[Round "3.5"]
[White "Gomes, Luiz Alexandre de So"]
[Black "Ribeiro, Braulio Silva"]
[Result "1-0"]
[ECO "C41"]
[WhiteElo "2335"]
[BlackElo "1911"]
[Annotator "RC"]
[PlyCount "57"]
[EventDate "2022.06.28"]
[EventCountry "BRA"]
[SourceTitle "playchess.com"]
[Source "ChessBase"]
[SourceQuality "1"]
[TimeControl "900+5"]

1. e4 e5 2. Nf3 d6 3. d4 exd4 4. Nxd4 Nf6 5. Nc3 Be7 6. Be2 O-O 7. O-O Re8 8. Re1 Nbd7 9. Bf1 Nc5 10. f3 Ne6 11. Nf5 Bf8 12. Be3 g6 13. Nh6+ Bxh6 14. Bxh6 Nh5 15. Qd2 Bd7 16. Rad1 Qf6 17. Nd5 Qxb2 18. g4 c6 19. Nc3 Nf6 20. Rb1 Qa3 21. Be3 d5 22. Rxb7 d4 23. Bxd4 Nxd4 24. Qxd4 Bc8 25. Rc7 Re6 26. Bc4 Qd6 27. Qxd6 Rxd6 28. e5 Rd4 29. Bxf7+ 1-0

[Event "3rd Caraca Open 2022"]
[Site "Catas Altas"]
[Date "2022.07.09"]
[Round "4.1"]
[White "Mareco, Sandro"]
[Black "Gomes, Luiz Alexandre de So"]
[Result "0-1"]
[ECO "E18"]
[WhiteElo "2657"]
[BlackElo "2335"]
[Annotator "TA"]
[PlyCount "70"]
[EventDate "2022.06.28"]
[EventCountry "BRA"]
[SourceTitle "playchess.com"]
[Source "ChessBase"]
[SourceQuality "1"]
[TimeControl "900+5"]

1. Nf3 Nf6 2. c4 e6 3. g3 d5 4. Bg2 Be7 5. O-O O-O 6. d4 b6 7. cxd5 exd5 8. Nc3 Bb7 9. Bf4 a6 10. Ne5 {[%emt 0:00:09] E18: Queen's Indian: Old Main Line (4 g3 Bb7 5 Bg2 Be7 6 0-0 0-0 7 Nc3).} Nbd7 11. Qb3 Nxe5 (11... c6 $14) 12. dxe5 $16 {[%emt 0:00:38] White is better.} Ne4 {[%emt 0:00:20] [#]} 13. Rfd1 $146 ({White should play} 13. Nxe4 $16 dxe4 14. Rac1) ({Predecessor:} 13. Nxe4 dxe4 14. Rfd1 Qc8 15. Qc2 c5 16. Bxe4 Bxe4 17. Qxe4 Qe6 18. Rd5 g5 19. Be3 {1-0 (28) Grabarczyk,M (2371)-Kozlowski,M (2047) Katowice 2021}) 13... Nc5 $14 14. Qc2 c6 15. Be3 Qc7 16. f4 a5 17. Rac1 Rfe8 (17... Rfd8 $14) 18. Bf2 Rad8 19. e4 dxe4 20. Nxe4 Rxd1+ 21. Rxd1 Nxe4 22. Bxe4 g6 {[%emt 0:00:01] [#]} 23. Qb3 (23. e6 $1 $16 {Rd7 is the strong threat.} Rd8 24. exf7+ Kxf7 25. Rxd8 Bxd8 26. Qc4+ Kg7 27. Qd4+ Bf6 28. Qxb6 Qxb6 29. Bxb6) 23... c5 (23... Rd8 $14) 24. Qa4 b5 25. Qxb5 Rb8 26. Bxb7 Rxb7 (26... Qxb7 $16 {was worth a try.} 27. Qd7 (27. Qxa5 Qxb2 28. Qa4 Qb6 $14) 27... a4) 27. Qe8+ $18 Kg7 28. b3 (28. Be1 $16 c4 29. Bc3 Qb6+ 30. Kg2) 28... c4 $1 $14 29. Rc1 (29. e6 $5 fxe6 30. Rc1 $16) 29... c3 30. e6 fxe6 (30... Bf6 $11 {and Black has nothing to worry.}) 31. Bd4+ $18 Kh6 (31... Bf6 $142 32. Bxf6+ Kxf6) 32. Rxc3 Qd6 33. Qh8 {[%emt 0:00:02] [#] Intending Qg7+ and mate.} Bf8 {[%emt 0:00:16] Inhibits Qg7+.} (33... e5 $18 34. Qxe5 (34. Bxe5 Qd1+ 35. Kg2 Qe2+ 36. Kh3 Qh5+ 37. Kg2 Qe2+ 38. Kh3 Qh5+ 39. Kg2 Qe2+ $11) 34... Qxe5 35. Bxe5 Kh5) 34. Qf6 (34. g4 $142 Qxf4 35. Rh3+ (35. Be3 Bc5 $14) 35... Kg5 36. Be3 Qxe3+ 37. Rxe3 Bd6 38. Rxe6 Rd7 39. Qf6+ Kh6 40. Rxd6) 34... Rb5 (34... Qe7 $18 35. g4 Qxf6 36. Bxf6 g5) 35. g4 e5 {[%emt 0:00:25][%mdl 32768] Weighted Error Value: White=0.44/Black=0.82. Loss on time!?} 0-1

[Event "3rd Caraca Open 2022"]
[Site "Catas Altas"]
[Date "2022.07.09"]
[Round "4.2"]
[White "Diamant, Andre"]
[Black "Supi, Luis Paulo"]
[Result "1/2-1/2"]
[ECO "B40"]
[WhiteElo "2538"]
[BlackElo "2603"]
[Annotator "TA"]
[PlyCount "48"]
[EventDate "2022.06.28"]
[EventCountry "BRA"]
[SourceTitle "playchess.com"]
[Source "ChessBase"]
[SourceQuality "1"]
[TimeControl "900+5"]

1. e4 c5 2. Nf3 e6 3. g3 d5 4. exd5 exd5 5. d4 cxd4 6. Nxd4 {[%emt 0:00:19] B40: Sicilian: 2...e6, Unusual lines.} Nc6 7. Bg2 {[%emt 0:00:51] Active counter play!} Bc5 8. Nb3 Qe7+ 9. Qe2 Qxe2+ 10. Kxe2 Bb6 (10... Bg4+ $2 11. f3 $18) 11. Nc3 {[%emt 0:01:09] [#]} Bg4+ $146 ({Predecessor:} 11... Nf6 12. Bg5 Bg4+ 13. f3 Be6 14. Na4 Bc7 15. Nac5 O-O-O 16. Nxe6 fxe6 17. Bh3 Rhe8 {½-½ (56) Trepat Herranz,J (2336)-Gonzalez Perez,A (2466) Vallfogona de Balaguer 2013}) 12. Bf3 Bxf3+ 13. Kxf3 O-O-O 14. Bf4 h6 15. h4 Nf6 16. Rad1 Rhe8 17. Rhe1 Re6 18. Kg2 a6 19. Na4 {[%emt 0:00:21][%cal Ra4b6] [#]} Ba7 20. Nac5 Ree8 21. c3 Rxe1 22. Rxe1 Re8 23. Rxe8+ Nxe8 24. g4 Nf6 {[%emt 0:00:10] Weighted Error Value: White=0.02 (flawless) /Black=0.02 (flawless)} 1/2-1/2

[Event "3rd Caraca Open 2022"]
[Site "Catas Altas"]
[Date "2022.07.09"]
[Round "4.5"]
[White "Crespo De Oliveira, Lucas"]
[Black "Goncalves, Andre Luiz Sampaio"]
[Result "1-0"]
[ECO "A01"]
[WhiteElo "2197"]
[BlackElo "1929"]
[Annotator "RC"]
[PlyCount "62"]
[EventDate "2022.06.28"]
[EventCountry "BRA"]
[SourceTitle "playchess.com"]
[Source "ChessBase"]
[SourceQuality "1"]
[TimeControl "900+5"]

1. b3 Nf6 2. Bb2 g6 3. Bxf6 exf6 4. c4 Bg7 5. Nc3 O-O 6. g3 c6 7. e3 f5 8. Nge2 d5 9. cxd5 cxd5 10. d4 Qa5 11. Qd2 Be6 12. Bg2 Rd8 13. O-O Nd7 14. Rfc1 Rac8 15. Rc2 Nf6 16. Rac1 Qa6 17. Nxd5 Rxc2 18. Nxf6+ Bxf6 19. Rxc2 Rc8 20. Nf4 b5 21. h4 Rxc2 22. Qxc2 b4 23. Bd5 Qd6 24. Bxe6 fxe6 25. Qc8+ Kf7 26. Qb7+ Qe7 27. Qc6 g5 28. hxg5 Bxg5 29. Nd3 Bf6 30. d5 exd5 31. Qxd5+ Kg6 1-0

[Event "3rd Caraca Open 2022"]
[Site "Catas Altas"]
[Date "2022.07.10"]
[Round "5.1"]
[White "Gazel, Frederico"]
[Black "Mareco, Sandro"]
[Result "0-1"]
[ECO "D02"]
[WhiteElo "2300"]
[BlackElo "2657"]
[Annotator "TA"]
[PlyCount "72"]
[EventDate "2022.06.28"]
[EventCountry "BRA"]
[SourceTitle "playchess.com"]
[Source "ChessBase"]
[SourceQuality "1"]
[TimeControl "900+5"]

1. d4 d5 2. Nf3 Nf6 3. Bf4 c5 4. e3 Nc6 5. c3 Qb6 6. Qb3 c4 7. Qc2 {[%emt 0:00:01] The main line 7.Qc2 scores better than 7.Qxb6.} g6 {[%emt 0:00:03] D02: 1 d4 d5 2 Nf3 sidelines, including 2...Nf6 3 g3 and 2...Nf6 3 Bf4.} (7... Bf5 $5 8. Qc1 (8. Qxf5 $2 Qxb2 9. Nbd2 Qxa1+ $19) 8... Nh5 $15) 8. h3 Bf5 9. Qc1 Rc8 {[%emt 0:00:37] The position is equal.} 10. Nbd2 {[%emt 0:00:11] [#]} h6 $146 ({Predecessor:} 10... Bg7 11. b3 cxb3 12. axb3 Nb4 13. Nh4 Nc2+ 14. Kd1 Nxa1 15. Qxa1 Ne4 16. Nxe4 Qxb3+ {½-½ (50) Mezei,C (2033)-Nadasi,B (2129) Hungary 2018}) 11. Be2 g5 12. Bg3 Qd8 13. Ne5 e6 14. Nxc6 Rxc6 15. O-O a6 16. Bd1 (16. b3 $14) 16... Rg8 17. Bc2 h5 18. Re1 h4 19. Be5 g4 $1 20. hxg4 Bxg4 {[%emt 0:00:00] ...Bh3 is the strong threat.} 21. f3 Bh5 22. Kf2 (22. Re2 $15) 22... Bd6 {[%emt 0:00:00] Strongly threatening ...Bxe5.} 23. Bxd6 (23. Rh1 $1 $15) 23... Qxd6 $19 24. Nf1 {[%emt 0:00:01] Against Qg3+} (24. Kg1 Rxg2+ 25. Kxg2 Qg3+ 26. Kh1 Bxf3+ 27. Nxf3 Qxf3+ 28. Kg1 Qg3+ 29. Kf1) 24... Qf8 (24... h3 $142 25. gxh3 Ne4+ $1 26. Bxe4 dxe4) 25. Re2 Qg7 26. Ke1 Ne4 {[%emt 0:00:00] Inhibits Rf2.} 27. Bd1 $2 (27. Bxe4 dxe4 28. Rf2) 27... Ng3 28. Rf2 e5 29. Nxg3 (29. e4 $142 h3 30. exd5) 29... hxg3 $2 (29... Qxg3 $19 {has better winning chances.} 30. dxe5 h3 31. gxh3 Qh4) 30. Rf1 $17 Re6 $36 {[%emt 0:00:00][%mdl 2048] Black has strong initiative. 0x0.00222dc622dddp-1022s more active pieces. The white rooks are badly placed.} 31. Qd2 {[%emt 0:00:00] [#]} (31. dxe5 $17 {is a better defense.} Qxe5 32. f4 Qxe3+ 33. Qxe3 Rxe3+ 34. Kd2 Rd3+ 35. Kc2) 31... exd4 $1 $19 32. cxd4 Kd7 {[%emt 0:00:00] Threatens to win with ...Rge8.} 33. f4 $2 {[%emt 0:00:00][%mdl 8192] [#]} (33. Bc2 $17 Bg6 34. Kd1) 33... Rge8 $1 34. Rf3 (34. Bxh5 Rxe3+) 34... Bxf3 {[%emt 0:00:00] Black mates.} 35. Bxf3 Rxe3+ 36. Kf1 Qh6 {[%emt 0:00:00] Weighted Error Value: White=0.91/Black=0.48} 0-1